 Dungeon Crawl Stone Soup version 0.18.1-48-g4cf74bf (webtiles) character file.

741 Derfel the Skirmisher (level 7, -1/63 HPs)
             Began as a Minotaur Berserker on July 25, 2016.
             Was an Elder of Trog.
             Killed by divine providence
             ... invoked by an orc priest
              (13 damage)
             ... on level 4 of the Dungeon on July 28, 2016.
             The game lasted 00:10:24 (3776 turns).

Derfel the Skirmisher (Minotaur Berserker)          Turns: 3776, Time: 00:10:24

Health: -1/63      AC:  6    Str: 22    XL:     7   Next: 47%
Magic:  6/6        EV: 13    Int:  4    God:    Trog [****..]
Gold:   198        SH:  0    Dex: 11    Spells: 0 memorised, 6 levels left

rFire  . . .     SeeInvis .     s - +0 mace
rCold  . . .     Gourm    .     j - +0 ring mail
rNeg   . . .     Faith    .     (no shield)
rPois  .         Spirit   .     (helmet restricted)
rElec  .         Dismiss  .     (no cloak)
rCorr  .         Reflect  .     (no gloves)
SustAt .         Harm     .     (no boots)
MR     +....                    (no amulet)
Stlth  +.........               x - ring of wizardry
                                v - ring of protection from magic

@: lethally poisoned (-1 -> -2), somewhat resistant to hostile enchantments,
very unstealthy
A: retaliatory headbutt, horns 2
a: Berserk, Trog's Hand, Brothers in Arms, Burn Spellbooks, Renounce Religion


You were on level 4 of the Dungeon.
You worshipped Trog.
Trog was greatly pleased with you.
You were not hungry.

You visited 1 branch of the dungeon, and saw 5 of its levels.

You collected 198 gold pieces.

Inventory:

Hand Weapons
 a - a +0 mace
 n - a +0 halberd of chopping
 s - a +0 mace (weapon)
 B - a +2 flail of holy wrath
Missiles
 m - 11 poisoned needles
 A - 4 tomahawks (quivered)
Armour
 b - a +0 animal skin
 j - a +0 ring mail (worn)
 k - a +0 scale mail
 l - a +0 plate armour
 r - a +0 chain mail
Jewellery
 v - a ring of protection from magic (left hand)
 x - a ring of wizardry (right hand)
Scrolls
 e - a scroll of random uselessness {unknown}
 f - a scroll of recharging {unknown}
 h - a scroll of remove curse {unknown}
 i - a scroll of fear {unknown}
 p - a scroll of enchant weapon {unknown}
 w - a scroll of noise {unknown}
 y - 3 scrolls of identify
 C - a scroll of amnesia {unknown}
Potions
 d - a potion of heal wounds {unknown}
 g - a potion of lignification
 q - a potion of might {unknown}
 u - a potion of degeneration {unknown}
 z - a potion of curing
Books
 o - a book of the Dragon

   Spells                             Type                      Level
   a - Flame Tongue                   Conjuration/Fire             1
   b - Cause Fear                     Hexes                        4
   c - Bolt of Fire                   Conjuration/Fire             6
   d - Dragon Form                    Transmutation                7
   e - Dragon's Call                  Summoning                    9
   Trog disapproves of the use of such an item.
Comestibles
 c - 3 bread rations
 t - 2 beef jerkies


   Skills:
 + Level 6.1 Fighting
 + Level 5.9 Maces & Flails
 + Level 5.5 Armour
 + Level 5.2 Dodging


You had 6 spell levels left.
You didn't know any spells.

Dungeon Overview and Level Annotations

Branches:
Dungeon (5/15)
 Temple: D:4-7

Altars:
Beogh


Innate Abilities, Weirdness & Mutations

You reflexively headbutt those who attack you in melee.
You have a pair of horns on your head.


Message History

You feel sick.
The orc shouts!
The orc priest mumbles some strange prayers to Beogh against you.
Beogh smites you!
An orc wizard comes into view. It is wielding a dagger.
The orc wizard shouts!
The orc priest miscasts a cantrip.
An ogre comes into view. It is wielding a giant club.
You feel sick.
You feel sick.
The orc priest invokes the aid of Beogh against you.
Beogh smites you!
* * * LOW HITPOINT WARNING * * *
Drink which item? (? for menu, Esc to quit)
Okay, then.
You feel sick.
You closely miss the orc. The orc misses you.
The orc priest invokes the aid of Beogh against you.
Beogh smites you!
You die...

.............####.## ..
....#..............###...
.......†.................
#...........o............####.
#............o...........#.... .
#....######..o...........#.... .
#.... ##.............#.... #....
#.o.....##....#.... #....#
##@###'###....#....
#....########..##........###..
#######...........#...........#..
.....##...........#...........#..
.....##...........#...........#..
.....##.......................#..
.....##.......................#..
..........................#'###..
..........................#.# #..


You could see an orc priest, an orc wizard and 2 orcs.

Vanquished Creatures
  The ghost of cheese the Covered, a novice GrFi (D:4)
  A wasp (D:4)
  3 orc wizards
  An orc priest (D:4)
  A worker ant (D:4)
  Ijyb (D:2)
  A hound skeleton (D:4)
  8 gnolls
  3 adders (D:3)
  2 oozes
  3 worms (D:3)
  3 dart slugs
  2 giant geckos
  16 orcs
  2 ball pythons (D:2)
  8 giant cockroaches
  7 goblins
  9 hobgoblins
  2 jackals (D:3)
  5 kobolds
  A quokka (D:3)
  7 bats
  3 giant newts
  9 rats
99 creatures vanquished.

Notes
Turn   | Place    | Note
--------------------------------------------------------------
     0 | D:1      | Derfel the Minotaur Berserker began the quest for the Orb.
     0 | D:1      | Reached XP level 1. HP: 19/19 MP: 0/0
   121 | D:1      | Reached XP level 2. HP: 19/27 MP: 1/1
   795 | D:2      | Reached ** piety under Trog
   840 | D:2      | Noticed Ijyb
   846 | D:2      | Killed Ijyb
   846 | D:2      | Reached skill level 4 in Fighting
   846 | D:2      | Reached XP level 3. HP: 33/33 MP: 2/2
  1321 | D:2      | Reached XP level 4. HP: 40/40 MP: 3/3
  1851 | D:3      | Reached *** piety under Trog
  2105 | D:3      | Reached XP level 5. HP: 47/47 MP: 4/4
  2811 | D:4      | Found a roughly hewn altar of Beogh.
  2820 | D:4      | Reached skill level 5 in Fighting
  2820 | D:4      | Reached XP level 6. HP: 46/56 MP: 5/5
  2921 | D:4      | HP: 1/56 [gnoll/halberd (10)]
  2929 | D:4      | Reached skill level 5 in Maces & Flails
  3266 | D:4      | Reached **** piety under Trog
  3357 | D:4      | Noticed cheese's ghost (novice GrFi)
  3383 | D:4      | Killed cheese's ghost
  3383 | D:4      | Reached skill level 5 in Armour
  3383 | D:4      | Reached skill level 5 in Dodging
  3383 | D:4      | Reached XP level 7. HP: 25/62 MP: 6/6
  3600 | D:5      | Entered Level 5 of the Dungeon
  3746 | D:4      | Reached skill level 6 in Fighting
  3776 | D:4      | Killed from afar by an orc priest

Skill      XL: |  1  2  3  4  5  6  7 |
---------------+----------------------+-----
Armour         | 3 4 5 |  5.5
Fighting       | 4 5 6 |  6.1
Maces & Flails | 4 5 |  5.9
Dodging        | 3 4 5 |  5.2

Action                   |  1- 3 |  4- 6 |  7- 9 || total
-------------------------+-------+-------+-------++-------
Melee: Mace              |    52 |   139 |    22 ||   213
       Headbutt          |    10 |    29 |     5 ||    44
Invok: Burn Spellbooks   |       |     1 |       ||     1
       Berserk           |       |     4 |       ||     4
  Use: Scroll            |       |     3 |       ||     3
       Potion            |       |     2 |       ||     2
  Eat: Chunk             |     1 |    10 |     2 ||    13
Armor: Animal skin       |     7 |       |       ||     7
       Ring mail         |     9 |    36 |     5 ||    50
Dodge: Dodged            |    43 |    97 |    15 ||   155
